 Dungeon Crawl Stone Soup version 0.31-a0-1321-g5021b54 (webtiles) character file.

Game seed: 17125117524901329312

6 Meow the Conjurer (level 1, -1/15 HPs)
             Began as a Naga Conjurer on Dec 20, 2023.
             Shot with an arrow by a hobgoblin (8 damage)
             ... on level 1 of the Dungeon.
             The game lasted 00:01:07 (263 turns).

Meow the Conjurer (Naga Conjurer)                    Turns: 263, Time: 00:01:07

Health: -1/15      AC:  1    Str:  9    XL:     1   Next: 90%
Magic:  0/3        EV:  9    Int: 18    God:
Gold:   0          SH:  0    Dex:  9    Spells: 3/4 levels left

rFire   . . .        a - +0 club
rCold   . . .        (no shield)
rNeg    . . .        d - +0 robe
rPois   +            (no helmet)
rElec   .            f - scarf {+Inv}
rCorr   .            (no gloves)
SInv    +            (no barding)
Will    .....        (no amulet)
Stlth   ++           (no ring)
HPRegen 0.22/turn    (no ring)
MPRegen 0.08/turn

%: no passive effects
@: short of breath, very slow
A: AC +0, large, see invisible, deformed body, poison resistance, slowness 2,
spit poison 1, naga tail 1
a: Spit Poison, Evoke Invisibility


You were on level 1 of the Dungeon.
You visited 1 branch of the dungeon, and saw 1 of its levels.

Inventory:

Hand Weapons
 a - a +0 club (weapon)
Missiles
 e - 2 stones
 h - 2 poisoned darts
Armour
 d - a +0 robe (worn)
 f - a scarf of invisibility (worn)
Scrolls
 c - 2 scrolls of fear {unknown}
Potions
 b - a potion of magic
 g - a potion of haste {unknown}


   Skills:
 - Level 1.5 Dodging
 - Level 3.0 Stealth
 + Level 2.2 Spellcasting
 + Level 4.1 Conjurations


You had 3 spell levels left.
You knew the following spells:

 Your Spells              Type           Power      Damage    Failure   Level
a - Magic Dart            Conj           68%        1d6       3%          1

Your spell library contained the following spells:

 Spells                   Type           Power      Damage    Failure   Level
 Searing Ray              Conj           34%        2d5       4%          2
 Fulminant Prism          Conj/Alch      4%         3d5       58%         4
 Iskenderun's Mystic Bla  Conj/Tloc      9%         2d4       58%         4


Dungeon Overview and Level Annotations

Branches:
Dungeon (1/15)

Altars:

Shops:
D:1 [


Innate Abilities, Weirdness & Mutations

Your serpentine skin is tough. (AC +0)
You have supernaturally acute eyesight. (SInv)
Armour fits poorly on your strangely shaped body.
Your system is resistant to poisons. (rPois)
You cover ground very slowly.
You can spit poison.
You have a snake-like lower body.


Message History

Aim: a hobgoblin, wielding a +0 shortbow and wearing a +0 leather armour (wandering, hasn't noticed you, 53% to hit)
The splash of poison hits the hobgoblin but does no damage.
The hobgoblin is poisoned.
The hobgoblin shouts!
You hear a shout!
You hear a loud squeak.
The hobgoblin shoots an arrow.
The arrow barely misses you.
Casting: Magic Dart (safe; 3% risk of failure)
Confirm with . or Enter, or press ? or * to list all spells.
Aiming: Magic Dart (safe; 3% risk of failure)
Press: ? - help, Shift-Dir - straight line, f/p - hobgoblin
Aim: a hobgoblin, wielding a +0 shortbow and wearing a +0 leather armour (poisoned, 100% to hit)
The magic dart hits the hobgoblin but does no damage.
The hobgoblin shoots an arrow.
The arrow hits you.
Unknown command.
Casting: Magic Dart (safe; 3% risk of failure)
Confirm with . or Enter, or press ? or * to list all spells.
Aiming: Magic Dart (safe; 3% risk of failure)
Press: ? - help, Shift-Dir - straight line, f/p - hobgoblin
Aim: a hobgoblin, wielding a +0 shortbow and wearing a +0 leather armour (moderately wounded, poisoned, 100% to hit)
The magic dart hits the hobgoblin but does no damage.
The hobgoblin is moderately wounded.
You have got your breath back.
The hobgoblin shoots an arrow.
The arrow hits you.
Casting: Magic Dart (safe; 3% risk of failure)
Confirm with . or Enter, or press ? or * to list all spells.
Aiming: Magic Dart (safe; 3% risk of failure)
Press: ? - help, Shift-Dir - straight line, f/p - hobgoblin
Aim: a hobgoblin, wielding a +0 shortbow and wearing a +0 leather armour (moderately wounded, poisoned, 100% to hit)
The magic dart hits the hobgoblin but does no damage.
The hobgoblin is moderately wounded.
The hobgoblin looks more healthy.
The hobgoblin shoots an arrow.
The arrow barely misses you.
Aiming: Spit Poison (3% risk of failure)
Press: ? - help, Shift-Dir - straight line, f/p - hobgoblin
Aim: a hobgoblin, wielding a +0 shortbow and wearing a +0 leather armour (severely wounded, 53% to hit)
The splash of poison hits the hobgoblin but does no damage.
The hobgoblin is severely wounded.
A rat comes into view.
The hobgoblin shoots an arrow.
The arrow hits you!
Ouch! That really hurt!
You die...

#...g§gb.# ...≈.≈..#
#.≈...≈.#
###§§§§..≈###
..§§gg.§..r.
#§§§.≈$g# #.§.§...#
#..#..# #@.#..####
#.........
##.#..#### #....#
#.#..# ####....#
##..[..#.#
#..##....#
#.##################


You could see 2 hobgoblins, a goblin and a rat.

Vanquished Creatures
  A bat (D:1)
  A hobgoblin (D:1)
  A kobold (D:1)
  3 rats (D:1)
6 creatures vanquished.

Notes
Turn   | Place    | Note
-------+----------+-------------------------------------------
     0 | D:1      | Meow the Naga Conjurer began the quest for the Orb.
     0 | D:1      | Reached XP level 1. HP: 15/15 MP: 3/3
   215 | D:1      | Found Wouts's Armour Emporium.
   263 | D:1      | Shot with an arrow by a hobgoblin

Illustrated notes

Levels and vault maps discovered:
D:1:      matt_arrival_spirals, layout_loops_ring,
          shapermc_ecumenical_altar_mp_highgroup, serial_shops,
          nicolae_diamond_shop, serial_bayou_lagoon_a

Action                     || total
---------------------------++-------
   Cast: Magic Dart        ||    12
Ability: Spit Poison       ||     5
 Armour: Robe              ||     6
  Dodge: Dodged            ||     4

Table legend: (Time is in decaauts)
 A = Elapsed time spent in this place.
 B = Non-inter-level travel time spent in this place.
 C = Inter-level travel time spent in this place.
 D = Time resting spent in this place.
 E = Time spent auto-exploring this place.
 F = Levels seen in this place.
 G = Mean time per level.
                   A        B        C        D        E       F      G
               +--------+--------+--------+--------+--------+-----+--------+
         Total |    327 |    327 |      0 |     74 |    168 |   1 |  327.0 |
       Dungeon |    327 |    327 |      0 |     74 |    168 |   1 |  327.0 |
               +--------+--------+--------+--------+--------+-----+--------+

Top non-repeatable levels by time:
     D:1: 327 daAuts
